 Dungeon Crawl Stone Soup version 0.23.2-1-ga50397a6bc (webtiles) character file.

Game seed: 16543288489566232879

909 FluffierThanThou the Skirmisher (level 7, -1/64 HPs)
             Began as a Minotaur Fighter on May 18, 2019.
             Slain by an ogre
             ... wielding a +0 giant club
              (12 damage)
             ... on level 5 of the Dungeon.
             The game lasted 00:15:00 (3264 turns).

FluffierThanThou the Skirmisher (Minotaur Fighter)  Turns: 3264, Time: 00:15:01

Health: -1/64      AC: 12    Str: 22    XL:     7   Next: 81%
Magic:  6/6        EV:  5    Int:  5    God:
Gold:   245        SH: 10    Dex: 10    Spells: 6/6 levels left

rFire    . . .     SeeInvis .   a - +0 war axe
rCold    . . .     Gourm    .   c - +0 shield
rNeg     . . .     Faith    .   s - +0 plate armour
rPois    .         Spirit   .   (helmet restricted)
rElec    .         Reflect  .   (no cloak)
rCorr    .         Harm     .   (no gloves)
MR       .....                  (no boots)
Stlth    ..........             (no amulet)
HPRegen  0.20/turn              q - ring of wizardry
MPRegen  0.10/turn              (no ring)

@: flying
A: retaliatory headbutt, horns 2
a: no special abilities


You were on level 5 of the Dungeon.
You were not hungry.

You visited 1 branch of the dungeon, and saw 5 of its levels.

You collected 245 gold pieces.

Inventory:

Hand Weapons
 a - a +0 war axe (weapon)
Armour
 b - a +0 scale mail
 c - a +0 shield (worn)
 s - a +0 plate armour (worn)
Jewellery
 q - a ring of wizardry (left hand)
Wands
 j - a wand of random effects (14)
 u - a wand of paralysis (3)
Scrolls
 e - 2 scrolls of amnesia {unknown}
 g - 2 scrolls of immolation {unknown}
 h - 4 scrolls of remove curse {unknown}
 i - 3 scrolls of teleportation {unknown}
 l - 5 scrolls of identify {unknown}
 p - a scroll of enchant weapon {unknown}
Potions
 m - a potion of heal wounds
 n - a potion of brilliance {unknown}
 o - a potion of agility {unknown}
 r - 2 potions of cancellation {unknown}
 t - a potion of curing {unknown}
Comestibles
 f - 9 rations


   Skills:
 + Level 6.4 Fighting
 * Level 6.2 Axes
 + Level 6.1 Armour
 - Level 0.1 Dodging
 - Level 0.2 Stealth
 + Level 6.3 Shields


You had 6 spell levels left.
You didn't know any spells.
Your spell library was empty.

Dungeon Overview and Level Annotations

Branches:
Dungeon (5/15)
 Temple: D:4-7

Altars:
Cheibriados
Hepliaklqana
Makhleb
Uskayaw
Vehumet


Innate Abilities, Weirdness & Mutations

You reflexively headbutt those who attack you in melee.
You have a pair of horns on your head.


Message History

You block the shadow imp's attack. You block the shadow imp's attack.
Things that are here:
a +0 club; an orc corpse The shadow imp hits you but does no damage.
There is a stone staircase leading up here.
It was a potion of heal wounds.
You feel much better. The ogre hits you with a +0 giant club!
You block the shadow imp's attack.
Your plate armour prevents you from hitting the shadow imp.
You headbutt the shadow imp.
You kill the shadow imp!
You slash the ogre! The ogre hits you with a +0 giant club!
* * * LOW HITPOINT WARNING * * *
You slash the ogre! Your headbutt misses the ogre.
The ogre is almost dead.
You block the ogre's attack.
You completely miss the ogre. Your headbutt misses the ogre.
The ogre is almost dead.
The ogre hits you with a +0 giant club!
You die...

# .. .# .##. ...
..# # ####.#.#
#.)..#.#
...#.)....###
#....)..O@....#
.......#.##..#.#
#...##.#.# .># #
#.. ..#.# #.# ..
.#.#.. .. #
..#.### #.. #.
.. ... ....


You could see an ogre.

Vanquished Creatures
  Duvessa (D:4)
  2 phantoms (D:4)
  A scorpion (D:4)
  Dowan (D:4)
  A hound (D:4)
  5 orc wizards
  An orc priest (D:5)
  Jessica (D:3)
  2 worker ants (D:4)
  A hound skeleton (D:4)
  A mummy (D:4)
  6 adders
  7 gnolls
  A shadow imp (D:5)
  3 oozes (D:2)
  A worm (D:4)
  15 orcs
  A ball python (D:3)
  2 giant cockroaches
  12 goblins
  10 hobgoblins
  A jackal (D:2)
  A quokka (D:4)
  7 bats
  6 frilled lizards
  10 kobolds
  9 rats
109 creatures vanquished.

Notes
Turn   | Place    | Note
-------+----------+-------------------------------------------
     0 | D:1      | FluffierThanThou the Minotaur Fighter began the quest for
                  | the Orb.
     0 | D:1      | Reached XP level 1. HP: 19/19 MP: 0/0
    67 | D:1      | Reached XP level 2. HP: 25/27 MP: 1/1
   683 | D:2      | Found a hide-covered altar of Uskayaw.
   697 | D:2      | Reached XP level 3. HP: 33/33 MP: 2/2
   712 | D:2      | Found a faded altar of an unknown god.
   887 | D:2      | Reached XP level 4. HP: 40/41 MP: 3/3
   900 | D:2      | Found a radiant altar of Vehumet.
  1053 | D:2      | Found a hazy altar of Hepliaklqana.
  1339 | D:3      | Noticed Jessica
  1349 | D:3      | Killed Jessica
  1349 | D:3      | Reached XP level 5. HP: 29/47 MP: 4/4
  1698 | D:3      | Reached skill level 5 in Fighting
  1703 | D:3      | Reached skill level 5 in Shields
  2244 | D:4      | Reached XP level 6. HP: 56/56 MP: 5/5
  2269 | D:4      | Reached skill level 5 in Armour
  2544 | D:4      | Reached skill level 5 in Axes
  2544 | D:4      | Reached XP level 7. HP: 46/62 MP: 6/6
  2551 | D:4      | Found a burning altar of Makhleb.
  3033 | D:4      | Found a snail-covered altar of Cheibriados.
  3182 | D:4      | Noticed Duvessa
  3182 | D:4      | Noticed Dowan
  3190 | D:4      | Killed Dowan
  3192 | D:4      | Killed Duvessa
  3242 | D:5      | Entered Level 5 of the Dungeon
  3264 | D:5      | Slain by an ogre

Skill      XL: |  1  2  3  4  5  6  7 |
---------------+----------------------+-----
Shields        | 4 5 6 |  6.3
Fighting       | 4 5 6 |  6.4
Axes           | 3 4 5 6 |  6.2
Armour         | 4 5 6 |  6.1
Dodging        | |  0.1
Stealth        | |  0.2

Action                   |  1- 3 |  4- 6 |  7- 9 || total
-------------------------+-------+-------+-------++-------
Melee: War axe           |    78 |   159 |    67 ||   304
       Headbutt          |    11 |    27 |    12 ||    50
  Use: Potion            |       |       |     6 ||     6
  Eat: Chunk             |       |     2 |       ||     2
       Ration            |       |     1 |     1 ||     2
Armor: Scale mail        |    28 |    22 |       ||    50
       Plate armour      |       |    60 |    73 ||   133
Dodge: Dodged            |    23 |    36 |    17 ||    76
Block: Shield            |    42 |    85 |    54 ||   181
